 Dungeon Crawl Stone Soup version 0.30-a0-359-gd0147acb1a (webtiles) character file.

Game seed: 3608616377235453330

232954 Lobster4 the Warrior (level 19, -2/171 (181) HPs)
             Began as a Hill Orc Wanderer on Nov 11, 2022.
             Was the Champion of Fedhas.
             Slain by a skeletal warrior
             ... wielding a +0 flail
              (10 damage)
             ... on level 2 of the Vaults.
             The game lasted 03:32:08 (55268 turns).

Lobster4 the Warrior (Hill Orc Wanderer)           Turns: 55268, Time: 03:32:09

HP:   -2/171 (181)  AC: 32    Str: 27    XL:     19   Next: 55%
MP:   32/32         EV: 12    Int: 21    God:    Fedhas [******]
Gold: 4005          SH:  9    Dex: 12    Spells: 16/36 levels left

rFire   + + +      SeeInvis +    a - +9 broad axe (vorpal)
rCold   + + +      Faith    .    Z - +2 buckler {AC+3}
rNeg    . . .      Spirit   .    E - +9 scale mail of Impermeability {Dex+5}
rPois   +          Reflect  .    M - +2 helmet {Int+3}
rElec   .          Harm     .    s - scarf {rC+ rF+}
rCorr   .          Rampage  .    w - +2 pair of gloves
Will    +....                    D - +3 pair of mountain boots {steadfast, rC+}
Stlth   ..........               h - amulet of Boysigg {RegenMP rC+}
HPRegen 0.48/turn                d - ring "Cuich" {rPois rF++ Str+3 SInv}
MPRegen 0.63/turn                H - ring "Zicrog" {rF+ Str+4 Slay+3}

@: about to teleport, on berserk cooldown, slowed, studying 2 skills, drained,
very slow
A: no striking features
}: 1/15 runes: serpentine
a: Renounce Religion, Wall of Briars, Grow Ballistomycete, Overgrow, Grow Oklob


You were on level 2 of the Vaults.
You worshipped Fedhas.
Fedhas was exalted by your worship.
You visited 6 branches of the dungeon, and saw 29 of its levels.
You also visited: Ossuary, Bailey and Ice Cave.

You collected 4440 gold pieces.
You spent 435 gold pieces at shops.

Inventory:

Hand Weapons
 a - a +9 vorpal broad axe (weapon)
 b - the +12 flail of Kuezyrph {speed, rElec Dex+6}
   (You found it on level 1 of the Orcish Mines)

   Attacks with this weapon are significantly faster.
   Dex:       It affects your dexterity (+6).
   rElec:     It insulates you from electricity.
Missiles
 u - a curare-tipped dart
 C - 3 throwing nets
 I - 17 boomerangs
 K - 24 poisoned darts (quivered)
 S - 2 javelins
Armour
 f - the +1 kite shield of Pan-Flutes {+Blink MP+9}
   (You acquired it on level 11 of the Dungeon)

   MP:        It affects your magic capacity (+9).
   +Blink:    It lets you blink.
 s - a scarf of resistance (worn)
 w - a +2 pair of gloves (worn)
 B - a +2 kite shield of protection
 D - the +3 pair of mountain boots (worn) {steadfast, rC+}
   (You bought it in a shop on level 4 of the Dungeon)

   It prevents involuntary movement, except for blinking, teleportation, or
   banishment.
   rC:        It protects you from cold.
 E - the +9 scale mail of Impermeability (worn) {Dex+5}
   (You found it on level 7 of the Dungeon)

   Dex:       It affects your dexterity (+5).
 L - a +3 scale mail of cold resistance
 M - a +2 helmet of intelligence (worn)
 V - the +1 leather armour "Syam" {rN++ Regen+}
   (You found it on level 1 of the Snake Pit)

   rN:        It greatly protects you from negative energy.
   Regen:     It increases your rate of health regeneration.
 Z - a +2 buckler of protection (worn)
Jewellery
 d - the ring "Cuich" (left hand) {rPois rF++ Str+3 SInv}
   (You took it off an orc warlord on level 1 of the Orcish Mines)

   [ring of poison resistance]

   Str:       It affects your strength (+3).
   rF:        It greatly protects you from fire.
   rPois:     It protects you from poison.
   SInv:      It lets you see invisible.
 h - the amulet of Boysigg (around neck) {RegenMP rC+}
   (You found it on level 1 of the Orcish Mines)

   [amulet of magic regeneration]

   It increases your rate of magic regeneration.
   rC:        It protects you from cold.
 i - a ring of flight
 H - the ring "Zicrog" (right hand) {rF+ Str+4 Slay+3}
   (You acquired it on level 11 of the Dungeon)

   [ring of protection from fire]

   Str:       It affects your strength (+4).
   Slay:      It affects your accuracy & damage with ranged weapons and melee
   (+3).
   rF:        It protects you from fire.
 Y - a ring of resist corrosion
Wands
 c - a wand of digging (3)
 k - a wand of iceblast (4)
 l - a wand of polymorph (11)
 o - a wand of flame (30)
 z - a wand of charming (3)
 U - a wand of light (5)
 X - a wand of mindburst (5)
Scrolls
 m - a scroll of brand weapon
 p - 3 scrolls of poison
 G - a scroll of teleportation
 O - 4 scrolls of magic mapping
 Q - 2 scrolls of enchant weapon
Potions
 g - 5 potions of flight
 j - 12 potions of ambrosia
 n - 7 potions of magic
 q - 5 potions of haste
 r - 4 potions of resistance
 v - 3 potions of curing
 x - 3 potions of lignification
 N - 6 potions of brilliance
 P - a potion of invisibility
Miscellaneous
 T - a phantom mirror


   Skills:
 + Level 18.7 Fighting
 + Level 15.8(16.4) Axes
 + Level 5.9(10.5) Maces & Flails
 - Level 3.2 Ranged Weapons
 - Level 1.0 Throwing
 - Level 11.0 Armour
 - Level 6.0 Dodging
 * Level 12.4 Shields
 + Level 9.1 Spellcasting
 - Level 5.0 Conjurations
 + Level 9.2 Translocations
 - Level 5.0 Transmutations
 - Level 5.0 Ice Magic
 + Level 9.1 Air Magic
 - Level 5.0 Earth Magic
 - Level 13.0 Invocations
 - Level 3.0 Evocations


You had 16 spell levels left.
You knew the following spells:

 Your Spells              Type           Power      Damage    Failure   Level
a - Beastly Appendage     Tmut           60%        N/A       1%          1
b - Shock                 Conj/Air       100%       1d9       1%          1
c - Vhi's Electric Charg  Tloc/Air       96%        N/A       1%          3
d - Stone Arrow           Conj/Erth      60%        3d10      6%          3
e - Airstrike             Air            24%        2d(4-20)  3%          4
f - Frozen Ramparts       Ice            60%        1d10      6%          3
g - Passwall              Tmut/Erth      25%        N/A       3%          2
h - Swiftness             Air            48%        N/A       1%          3

Your spell library contained the following spells:

 Spells                   Type           Power      Damage    Failure   Level
 Sandblast                Erth           60%        2d14      1%          1
 Gell's Gravitas          Tloc           48%        N/A       1%          3
 Lesser Beckoning         Tloc           96%        N/A       1%          3
 Teleport Other           Tloc           48%        N/A       1%          3
 Cigotuvi's Dreadful Rot  Necr/Pois/Air  44%        N/A       7%          2
 Portal Projectile        Hex/Tloc       58%        N/A       7%          3
 Petrify                  Tmut/Erth      30%        N/A       21%         4
 Sublimation of Blood     Necr           9%         N/A       24%         2
 Call Canine Familiar     Summ           9%         N/A       43%         3
 Leda's Liquefaction      Hex/Erth       10%        N/A       50%         4
 Irradiate                Conj/Tmut      15%        3d16      50%         5
 Iskenderun's Battlesphe  Conj           30%        2d8       50%         5
 Animate Dead             Necr           9%         N/A       85%         4
 Dispel Undead            Necr           9%         3d8       85%         4
 Alistair's Intoxication  Tmut/Pois      13%        N/A       85%         5
 Borgnjor's Vile Clutch   Necr/Erth      10%        N/A       85%         5
 Iron Shot                Conj/Erth      15%        9d4       97%         6
 Death Channel            Necr           4%         N/A       100%        6
 Eringya's Noxious Bog    Tmut/Pois      10%        N/A       100%        6
 Spellforged Servitor     Conj/Summ      10%        N/A       100%        7


Dungeon Overview and Level Annotations

Branches:
Dungeon (15/15)            Temple (1/1) D:6            Lair (5/5) D:8
  Swamp (0/4) Lair:2        Snake (4/4) Lair:2        Slime (0/5) Lair:5
    Orc (2/2) D:12            Elf (0/3) Orc:2        Vaults (2/5) D:14
 Depths (0/4) D:15        Ossuary (visited)          Bailey (visited)
  IceCv (visited)
  Crypt: Vaults:2-3

Altars:
Ashenzari
Cheibriados
Dithmenos
Elyvilon
Fedhas
Gozag
Hepliaklqana
Kikubaaqudgha
Makhleb
Nemelex Xobeh
Okawaru
Qazlal
Ru
Sif Muna
Trog
Uskayaw
Vehumet
Wu Jian
Xom
Yredelemnul
Zin
The Shining One
Beogh
Jiyva

Shops:
D:4 [   D:6 :   D:8 (   D:13 *   Orc:1 [   Orc:2 [==!   Vaults:1 =

Portals:
Trove: D:15 (give horn of Geryon)

Annotations:
D:9 1 runed translucent door, sirJeffrey23's ghost, journeyman FoFi
D:13 2 transporters
Lair:3 1 runed translucent door, Maxmaps's ghost, journeyman FoFi
Vaults:2 10 runed doors, Mara


Message History

You feel much better.
Lobster4's illusion hits you but does no damage.
Mara blinks!
Mara hits you with a +2 demon blade of electrocution!
The ettin hits you but does no damage. The ettin completely misses you.
You block Lobster4's illusion's attack.
As you read the scroll of teleportation, it crumbles to dust.
You feel strangely unstable. The ettin closely misses you.
The ettin hits you with a +0 dire flail of protection!!
* * * LOW HITPOINT WARNING * * *
Mara blinks!
You block Mara's attack. The skeletal warrior barely misses you.
You block Mara's attack. You block Lobster4's illusion's attack.
The ettin hits you but does no damage. The ettin closely misses you.
Mara hits you but does no damage.
You are electrocuted!
* * * LOW HITPOINT WARNING * * *
Mara blinks!
The skeletal warrior hits you but does no damage.
You feel much better.
Lobster4's illusion hits you but does no damage.
Mara says, "I stand as high above you as a star above the ocean's bottom."
Mara hits you but does no damage.
Mara calls, "Stop!
In seven days from now the wheel of empire will appear!"
You block the skeletal warrior's attack.
The ettin hits you with a +0 dire flail!!
* * * LOW HITPOINT WARNING * * *
The ettin barely misses you. Lobster4's illusion closely misses you.
Unknown command.
Unknown command.
You feel better. The ettin hits you but does no damage.
The ettin hits you with a +0 dire flail of protection!
* * * LOW HITPOINT WARNING * * *
Mara blinks!
Mara hits you but does no damage.
You block the skeletal warrior's attack.
You block Lobster4's illusion's attack.
The ettin hits you with a +0 dire flail!
* * * LOW HITPOINT WARNING * * *
You block the ettin's attack.
Mara blinks!
The skeletal warrior hits you with a +0 flail!
You die...
Fedhas appreciates your contribution to the ecosystem.

#...# #...# #... #...# ###'#####
#... #...######## #......# #...
#...R......#######.)....# #...
#...#...^..##....#......# #...
#...#.....#+#....#...<..# #####
#...#.....##..§..#......# #....
#...#....#+#...@R#......# #....
#...#....##..§R@z#......# #....
#...#######....RCW....).# #....
#R..# ########......# #.... #...#
#......# #....
##...###################+####'###
..............................z..
.................†...............
.................................
##...########################'###


You could see 3 Maras, an ettin, a skeletal warrior, a flayed ghost and
Lobster4's illusion (strong, swift).

Vanquished Creatures
  Rupert (D:15)
  An Ice Fiend (IceCv)
  A lich (Vaults:1)
  A tengu reaver (Vaults:1)
  2 nagarajas
  3 vault wardens
  2 orc warlords
  A war gargoyle (Vaults:2)
  6 ironbound preservers
  An ironbound thunderhulk (Vaults:2)
  A stone giant (Vaults:2)
  10 dire elephants (Vaults:1)
  Nessos (Lair:3)
  The ghost of oldmanjim the Blocker, a journeyman GnFi of the Shining One (D:11)
  Josephine (D:13)
  A deep elf high priest (Vaults:1)
  A yaktaur captain (Vaults:2)
  Fannar (Lair:3)
  3 salamander tyrants
  3 hydras
  3 vault guards (Vaults:1)
  4 ogre magi
  A great orb of eyes (Vaults:2)
  22 anacondas
  3 catoblepae
  9 two-headed ogres
  4 boulder beetles
  16 naga warriors
  7 centaur warriors
  2 ironbound frosthearts (Vaults:2)
  6 death yaks (Lair:5)
  5 tengu warriors
  10 shock serpents
  Nergalle (Orc:2)
  13 naga sharpshooters
  12 salamander mystics
  4 skeletal warriors
  Pikel (D:6)
  4 orc knights
  8 spriggan simulacra (IceCv)
  6 naga ritualists
  5 wizards
  15 deep trolls
  An obsidian statue (IceCv)
  A bog body (IceCv)
  5 ironbound convokers
  2 deep elf pyromancers
  7 lindwurms
  13 ugly things
  11 mana vipers
  3 manticores
  3 cyclopes
  24 salamanders
  7 orc sorcerers
  7 elephants
  8 guardian serpents
  16 naga magi
  5 vault sentinels
  31 black mambas
  An unseen horror (shapeshifter) (D:14)
  7 cane toads
  2 gargoyles
  An unseen horror (D:9)
  4 efreet
  14 yaktaurs
  9 komodo dragons
  An anaconda simulacrum (IceCv)
  10 ice devils (IceCv)
  2 tengu conjurers
  4 rime drakes
  A freezing wraith (IceCv)
  2 queen bees
  10 trolls
  2 golden dragon simulacra (IceCv)
  6 meliai
  7 polar bears
  Prince Ribbit (D:6)
  Grinder (D:6)
  5 hornets (Lair:5)
  28 blink frogs
  14 slime creatures
  A culicivora (shapeshifter) (D:15)
  3 dire elephant simulacra (IceCv)
  11 spriggans (Lair:5)
  8 wraiths
  6 wyverns
  A vampire (D:12)
  A water elemental (D:12)
  59 yaks
  A steam dragon (D:7)
  A hog (shapeshifter) (D:15)
  7 basilisks
  4 minotaur simulacra (IceCv)
  10 vampire mosquitoes
  5 wargs
  46 nagas
  A yaktaur simulacrum (Vaults:1)
  15 water moccasins
  4 hornet zombies (Ossuary)
  A meliai simulacrum (D:15)
  7 black bears
  2 ice beasts
  23 orc warriors
  An alligator simulacrum (IceCv)
  An ettin simulacrum (IceCv)
  3 sky beasts
  9 ogres
  5 boggarts (Lair:5)
  14 centaurs
  58 wolves
  4 lemures (D:6)
  3 kobold brigands
  8 bullfrogs
  A scorpion (D:5)
  8 deep troll simulacra (IceCv)
  5 wyvern zombies (Ossuary)
  A gnoll sergeant (D:10)
  A necrophage (D:6)
  A water moccasin zombie (Ossuary)
  23 wights
  2 lindwurm simulacra (IceCv)
  63 killer bees
  5 electric eels (D:12)
  8 howler monkeys
  5 bullfrog zombies (Ossuary)
  3 jellies
  4 gnoll boudas
  12 orc priests
  4 hounds
  14 mummies (Ossuary)
  5 iguanas
  32 orc wizards
  2 hell rats (Lair:3)
  5 killer bee zombies (Ossuary)
  A howler monkey zombie (Ossuary)
  8 adders
  31 gnolls
  2 river rats (Lair:3)
  A shadow imp (D:8)
  2 white imps
  An ufetubus (D:6)
  5 dart slugs
  80 orcs
  8 ball pythons
  6 endoplasms
  7 giant cockroaches
  14 goblins
  9 hobgoblins
  6 jackals
  21 kobolds
  4 quokkas
  4 bats
  5 frilled lizards
  5 rats
  A ballistomycete spore (Lair:5)
1227 creatures vanquished.

Vanquished Creatures (collateral kills)
  A vault guard (D:14)
  10 humans (D:14)
  A deep troll simulacrum (IceCv)
  A wight (D:8)
  An orc (Orc:1)
  13 ballistomycete spores (Lair:5)
27 creatures vanquished.

Vanquished Creatures (others)
  A cane toad (Lair:3)
  A human (D:14)
  An orc warrior (Orc:1)
  58 fungi
  61 plants
  5 withered plants (Ossuary)
127 creatures vanquished.

Grand Total: 1381 creatures vanquished

Notes
Turn   | Place    | Note
-------+----------+-------------------------------------------
     0 | D:1      | Lobster4 the Hill Orc Wanderer began the quest for the Orb.
     0 | D:1      | Lobster4 set off with the following items: a +1 mace, a
                  | scroll of teleportation, a +0 leather armour; and the
                  | following spells available to memorise: Beastly Appendage,
                  | Shock, Frozen Ramparts, Vhi's Electric Charge.
     0 | D:1      | Reached XP level 1. HP: 18/18 MP: 4/4
     2 | D:1      | Learned a level 1 spell: Beastly Appendage
   120 | D:1      | Reached XP level 2. HP: 22/25 MP: 4/6
   321 | D:1      | Reached skill level 1 in Armour
   587 | D:1      | Reached XP level 3. HP: 29/30 MP: 5/7
   661 | D:1      | Reached skill level 3 in Fighting
   780 | D:1      | Reached skill level 1 in Transmutations
  1204 | D:2      | You fall into a shaft and drop 2 floors!
  1229 | D:4      | Reached XP level 4. HP: 33/38 MP: 7/9
  1803 | D:2      | Reached XP level 5. HP: 45/45 MP: 10/10
  3155 | D:4      | Found Feragask's Armour Shop.
  3454 | D:5      | Entered Level 5 of the Dungeon
  3508 | D:5      | Learned a level 1 spell: Shock
  3585 | D:5      | Noticed an orc warrior
  3621 | D:5      | Reached XP level 6. HP: 52/52 MP: 11/11
  3644 | D:5      | Reached skill level 4 in Fighting
  3644 | D:5      | Reached skill level 1 in Throwing
  3818 | D:5      | Noticed an ice beast
  3836 | D:5      | Killed an ice beast
  3881 | D:5      | Reached skill level 1 in Conjurations
  3881 | D:5      | Reached skill level 1 in Air Magic
  3881 | D:5      | Reached skill level 1 in Evocations
  3881 | D:5      | Reached XP level 7. HP: 60/60 MP: 13/13
  4564 | D:5      | Reached skill level 5 in Fighting
  4855 | D:5      | Reached XP level 8. HP: 66/68 MP: 12/14
  4938 | D:6      | Found a sand-covered staircase.
  4961 | Ossuary  | Entered an ossuary
  5218 | Ossuary  | Reached skill level 6 in Fighting
  5352 | Ossuary  | Reached skill level 5 in Armour
  5402 | Ossuary  | Reached XP level 9. HP: 60/78 MP: 12/15
  5501 | Ossuary  | Reached skill level 7 in Fighting
  6245 | D:6      | Reached skill level 8 in Fighting
  6293 | D:6      | Found Diop's Tremendous Tomes.
  6305 | D:6      | Identified the ring "Ecoixaz" {rF++ rC+ Str+2 Dex-4 Stlth+}
  6327 | D:6      | Learned a level 3 spell: Vhi's Electric Charge
  6434 | D:6      | Noticed a gargoyle
  6605 | D:6      | Found a staircase to the Ecumenical Temple.
  6614 | Temple   | Entered the Ecumenical Temple
  6994 | Temple   | Became a worshipper of Fedhas Madash
  7177 | D:6      | Reached skill level 1 in Dodging
  7177 | D:6      | Reached skill level 1 in Translocations
  7371 | D:6      | Killed a gargoyle
  7372 | D:6      | Reached skill level 1 in Invocations
  7835 | D:6      | Noticed Prince Ribbit
  7962 | D:6      | Noticed Grinder
  7966 | D:6      | Killed Grinder
  7967 | D:6      | Reached skill level 5 in Conjurations
  7967 | D:6      | Reached XP level 10. HP: 90/90 MP: 16/16
  7984 | D:6      | Reached skill level 9 in Fighting
  9141 | D:6      | Noticed Pikel
  9156 | D:6      | Killed Pikel
  9228 | D:6      | Killed Prince Ribbit
  9228 | D:6      | Reached * piety under Fedhas
  9675 | D:6      | Reached skill level 5 in Invocations
 10234 | D:7      | Found a radiant altar of Vehumet.
 10625 | D:7      | Identified the +9 scale mail of Impermeability {Dex+5}
 10702 | D:7      | Found a shimmering altar of Xom.
 10966 | D:7      | Reached ** piety under Fedhas
 11129 | D:7      | Reached skill level 1 in Ranged Weapons
 11282 | D:8      | Found Daf Jode's Weapon Emporium.
 11518 | D:8      | Found a flagged portal.
 11535 | Bailey   | Entered a bailey
 11748 | Bailey   | Reached skill level 10 in Fighting
 11748 | Bailey   | Reached skill level 5 in Spellcasting
 11748 | Bailey   | Reached XP level 11. HP: 79/79 MP: 16/18
 11898 | Bailey   | Reached XP level 12. HP: 53/85 MP: 16/19
 12427 | D:8      | Reached *** piety under Fedhas
 12751 | D:8      | Noticed a two-headed ogre
 12764 | D:8      | Killed a two-headed ogre
 12795 | D:8      | Reached skill level 11 in Fighting
 12894 | D:4      | Bought the +3 pair of mountain boots {steadfast, rC+} for
                  | 435 gold pieces
 12894 | D:4      | Found the +3 pair of mountain boots {steadfast, rC+}
 13011 | D:7      | Reached skill level 5 in Translocations
 13206 | D:8      | Found a staircase to the Lair.
 13586 | D:8      | Reached skill level 5 in Air Magic
 14029 | D:9      | Reached **** piety under Fedhas
 14310 | D:9      | Found a runed translucent door.
 14311 | D:9      | Found a shimmering altar of Xom.
 14311 | D:9      | Noticed sirJeffrey23's ghost (journeyman FoFi)
 14350 | D:9      | Reached skill level 5 in Dodging
 14893 | D:10     | Entered Level 10 of the Dungeon
 16031 | Lair:1   | Entered Level 1 of the Lair of Beasts
 16614 | Lair:1   | Reached skill level 5 in Axes
 16942 | Lair:1   | Learned a level 3 spell: Swiftness
 17215 | Lair:1   | Reached ***** piety under Fedhas
 17443 | Lair:1   | Reached XP level 13. HP: 107/117 MP: 14/21
 17843 | Lair:2   | Found a staircase to the Swamp.
 17907 | Lair:2   | Found a staircase to the Snake Pit.
 19512 | Lair:3   | Noticed Nessos
 19514 | Lair:3   | Reached skill level 12 in Fighting
 20138 | D:11     | Found a runed translucent gate.
 20138 | D:11     | Found a runed translucent gate.
 20138 | D:11     | Found a runed translucent gate.
 20140 | D:11     | Identified the +1 plate armour "Ciapop Hoke" {rN+ Dex+6}
 20141 | D:11     | Noticed oldmanjim's ghost (journeyman GnFi)
 21320 | D:11     | Identified the +1 robe "Seistiy" {Str+3}
 21464 | D:11     | Found a roughly hewn altar of Beogh.
 21575 | D:12     | Found a staircase to the Orcish Mines.
 22009 | D:12     | Found a bloodstained altar of Trog.
 22095 | D:12     | Reached skill level 1 in Shields
 22330 | D:12     | Found a roughly hewn altar of Beogh.
 23391 | Orc:1    | Entered Level 1 of the Orcish Mines
 23546 | Orc:1    | Found Vupegen's Antique Armour Boutique.
 24371 | Orc:1    | Reached ****** piety under Fedhas
 24529 | Orc:1    | Noticed an orc warlord
 24670 | D:13     | Found an opulent altar of Gozag.
 24792 | D:13     | Found Gozag's Platinum Reserve.
 24821 | D:13     | Found a transporter.
 24875 | D:13     | Reached XP level 14. HP: 92/119 MP: 23/23
 24985 | D:13     | Reached skill level 10 in Armour
 24992 | D:13     | Reached skill level 13 in Fighting
 25271 | D:13     | Found a transporter.
 26497 | D:14     | Noticed Josephine
 26647 | D:13     | Killed Josephine
 27052 | D:14     | Reached skill level 5 in Shields
 27345 | D:13     | Reached skill level 10 in Invocations
 28055 | D:14     | Reached skill level 14 in Fighting
 28356 | D:14     | Found a gate to the Vaults.
 29198 | Lair:3   | Killed Nessos
 29585 | Lair:3   | Reached skill level 15 in Fighting
 30552 | Lair:3   | Reached skill level 10 in Axes
 30801 | Lair:3   | Reached XP level 15. HP: 96/141 MP: 20/24
 30961 | Lair:3   | Found a runed translucent door.
 30988 | Lair:3   | Found a shimmering altar of Xom.
 30988 | Lair:3   | Noticed Maxmaps's ghost (journeyman FoFi)
 31631 | Lair:3   | Noticed Fannar
 31638 | Lair:3   | Killed Fannar
 33116 | Lair:5   | Entered Level 5 of the Lair of Beasts
 34675 | Lair:5   | Paralysed by a hornet for 3 turns
 35732 | Lair:5   | Found a viscous altar of Jiyva.
 35735 | Lair:5   | Found a staircase to the Slime Pits.
 35956 | Orc:1    | Paralysed by an orc sorcerer for 5 turns
 35972 | D:12     | Killed an orc warlord
 36248 | Orc:1    | Identified the ring "Cuich" {rPois rF++ Str+3 SInv}
 36248 | Orc:1    | Noticed an orc warlord
 36260 | Orc:1    | Reached skill level 16 in Fighting
 36524 | Orc:1    | Killed an orc warlord
 36695 | Orc:1    | Identified the amulet of Boysigg {RegenMP rC+}
 36744 | Orc:1    | Identified the +12 flail of Kuezyrph {speed, rElec Dex+6}
 36857 | Orc:1    | Reached XP level 16. HP: 140/151 MP: 19/26
 36973 | Orc:2    | Entered Level 2 of the Orcish Mines
 37191 | Orc:2    | Found a staircase to the Elven Halls.
 37492 | Orc:2    | Found Zurphuis's Distillery.
 37584 | Orc:2    | Found an ancient bone altar of Kikubaaqudgha.
 37584 | Orc:2    | Noticed Nergalle
 37593 | Orc:2    | Killed Nergalle
 37625 | Orc:2    | Found a radiant altar of Vehumet.
 37625 | Orc:2    | Paralysed by an orc sorcerer for 4 turns
 37632 | Orc:2    | Paralysed by an ogre mage for 4 turns
 37676 | Orc:2    | Found Syiq's Jewellery Shop.
 37714 | Orc:2    | Found a roughly hewn altar of Beogh.
 37739 | Orc:2    | Found Ryodweti's Antique Armour Boutique.
 37769 | Orc:2    | Found Upoe's Jewellery Shop.
 37971 | D:15     | Entered Level 15 of the Dungeon
 38078 | D:15     | Noticed Rupert
 38086 | D:15     | Killed Rupert
 39049 | D:15     | Found a portal to a secret trove of treasure.
 39078 | D:15     | Reached skill level 17 in Fighting
 39162 | D:15     | Found a staircase to the Depths.
 39457 | D:11     | Identified 3 scrolls of acquirement
 39458 | D:11     | Acquired 919 gold pieces
 39460 | D:11     | Acquired the ring "Zicrog" {rF+ Str+4 Slay+3}
 39470 | D:11     | Acquired the +1 kite shield of Pan-Flutes {+Blink MP+9}
 39542 | D:11     | Killed oldmanjim's ghost
 39813 | Snake:1  | Entered Level 1 of the Snake Pit
 40673 | Snake:1  | Identified the +1 leather armour "Syam" {rN++ Regen+}
 40896 | Snake:2  | Found a frozen archway.
 40910 | IceCv    | Entered an ice cave
 41453 | IceCv    | Reached XP level 17. HP: 134/161 MP: 28/28
 41628 | IceCv    | Noticed an Ice Fiend
 41706 | IceCv    | Killed an Ice Fiend
 43513 | Snake:2  | Learned a level 4 spell: Airstrike
 43517 | Snake:2  | Learned a level 3 spell: Frozen Ramparts
 43520 | Snake:2  | Learned a level 2 spell: Passwall
 43524 | Snake:2  | Learned a level 3 spell: Stone Arrow
 43611 | Snake:2  | Reached skill level 1 in Ice Magic
 44281 | Snake:2  | Reached skill level 1 in Earth Magic
 46148 | Snake:3  | Reached skill level 5 in Transmutations
 46712 | Snake:4  | Entered Level 4 of the Snake Pit
 46886 | Snake:4  | Found an ornate altar of the Wu Jian Council.
 46942 | Snake:4  | Reached XP level 18. HP: 119/171 MP: 20/30
 47823 | Snake:4  | Reached skill level 10 in Shields
 48409 | Snake:4  | Reached skill level 18 in Fighting
 48980 | Snake:4  | Reached skill level 5 in Ice Magic
 49361 | Snake:4  | Reached skill level 15 in Axes
 50149 | Snake:4  | Got a serpentine rune of Zot
 50735 | Vaults:1 | Entered Level 1 of the Vaults
 52139 | Vaults:1 | Found Gesiyrgha's Jewellery Boutique.
 52302 | Vaults:1 | Identified the +2 robe "Suts" {+Blink Fly Dex-3}
 52311 | Vaults:1 | Found a radiant altar of Vehumet.
 52311 | Vaults:1 | Noticed a lich
 52315 | Vaults:1 | Killed a lich
 52319 | Vaults:1 | Identified the +2 hat "Voek" {rPois}
 52366 | Vaults:1 | Identified the +0 hat of Udinec {Str+4}
 53013 | Vaults:1 | Reached XP level 19. HP: 161/180 MP: 31/31
 53203 | Vaults:1 | Reached skill level 5 in Maces & Flails
 53203 | Vaults:1 | Reached skill level 5 in Earth Magic
 54103 | Vaults:2 | Found a huge runed gate.
 54103 | Vaults:2 | Found a huge runed gate.
 54103 | Vaults:2 | Found a huge runed gate.
 54103 | Vaults:2 | Found a huge runed gate.
 54103 | Vaults:2 | Found a huge runed gate.
 54103 | Vaults:2 | Found a huge runed gate.
 54103 | Vaults:2 | Found a huge runed gate.
 54105 | Vaults:2 | Found a huge runed gate.
 54105 | Vaults:2 | Found a huge runed gate.
 54105 | Vaults:2 | Found a huge runed gate.
 55213 | Vaults:2 | Noticed Mara
 55243 | Vaults:2 | Noticed Lobster4's illusion
 55268 | Vaults:2 | HP: 8/171 [ettin/+0 dire flail (11)]
 55268 | Vaults:2 | Slain by a skeletal warrior

Illustrated notes

Levels and vault maps discovered:
D:1:      dpeg_arrival_snail, layout_basic, minmay_cupped
D:2:      layout_basic
D:3:      layout_loops_ring, due_unseen_surprise
D:4:      layout_rooms, serial_shops, nicolae_shop_behind_doors
D:5:      layout_basic, kennysheep_generic_room_7
D:6:      layout_gridville, minmay_temple_entry_antechambers, enter_ossuary_2,
          nicolae_shop_i_like_big_books, hangedman_minor_gate_pass,
          uniq_grinder, uniq_prince_ribbit1, uniq_pikel
D:7:      layout_rooms, mainiacjoe_overflow_catwalk, xom_teletrap_fun,
          serial_rivers, chequers_serial_rivers_room_a,
          chequers_serial_rivers_small_b, chequers_serial_rivers_micro_c,
          chequers_serial_rivers_room_a, chequers_serial_rivers_marsh,
          chequers_serial_rivers_marsh, hangedman_decor_clover_reticule
D:8:      layout_basic, david_lair_generic, serial_shops, shop, enter_bailey_2
D:9:      layout_cave_pods, ebering_ghost_xom
D:10:     layout_long_grid
D:11:     layout_basic, biasface_ghost_orc_armoury
D:12:     wad_lake_hut, layout_basic, minmay_orc_entry_temple_small,
          trog_three_pillars_becter
D:13:     gammafunk_wand_slinger, layout_basic, nicolae_gozag_zags_fifth_avenue
D:14:     layout_roguey [special_room_bee], ximxim_vaults_locker_room,
          kennysheep_nondescript, minmay_misc_feat_nine_boxes, uniq_josephine
D:15:     grunt_enter_depths_snipers, layout_stronghold, serial_column_ruins,
          column_ruins_hut, column_ruins_columns_corner, column_ruins_grid_3,
          column_ruins_grid_3, column_ruins_columns_straight,
          column_ruins_open_medium, enter_trove_0, dk_noncrumbling_4,
          uniq_rupert
Temple:   mainiacjoe_temple_big_plus
Lair:1:   layout_loops_ring, lemuel_fruit_tree
Lair:2:   layout_regular_city, swamp_mist, guppyfry_snake_entry_garden,
          amcnicky_mini_pool_medium
Lair:3:   regret_index_tunnel_blossom, layout_regular_city, ebering_ghost_xom,
          grunt_forest_large_clearings, uniq_fannar, uniq_nessos
Lair:4:   layout_regular_city
Lair:5:   minmay_lair_end_enchanted_forest, layout_hall_layers,
          dpeg_slime_entry_enclosed
Snake:1:  layout_onion
Snake:2:  layout_grid_shapes, portal_ice_cave_entry_pillars_four,
          nicolae_snake_salamander_fort
Snake:3:  layout_layer_cave, grunt_megastairs_1
Snake:4:  snake_pit_salamanders_mu, layout_onion, basic_altar
Orc:1:    layout_caves, serial_shops, nicolae_shop_overgrown_old_shop,
          minmay_orc_treasury
Orc:2:    kennysheep_orc_mage_school, layout_diamond_mine
Vaults:1: serial_ice_g, nicolae_vaults_diagonal_hallway_6,
          hangedman_vaults_trim, v_misc_8, v_misc_8, grunt_tower_of_power,
          v_misc_14, v_misc_25, layout_vaults_quadrants, serial_shops,
          shop_statue
Vaults:2: gammafunk_ghost_door_vault, nicolae_vaults_little_squares_1,
          minmay_crypt_entry_skeletal_spiral, hangedman_vaults_variations,
          ontoclasm_vaults_fault, grunt_vaults_swirl, v_misc_24,
          vaults_mumra_chevron_long, vaults_dpeg_cross, v_misc_19,
          hangedman_vaults_maws, vaults_room_corners,
          vaults_room_stairs_pillars, layout_vaults_big_cross, uniq_mara

Skill      XL: |  1  2  3  4  5  6  7  8  9 10 11 12 13 14 15 16 17 18 19 |
---------------+----------------------------------------------------------+-----
Armour         | 1 2 3 5 6 7 8 9 10 11 | 11.0
Fighting       | 3 4 5 6 8 10 11 12 15 16 17 18 | 18.7
Transmutations | 1 2 3 4 5 |  5.0
Throwing       | 1 |  1.0
Spellcasting   | 4 5 6 7 8 9 |  9.1
Conjurations   | 1 2 3 5 |  5.0
Air Magic      | 1 2 3 4 5 6 7 8 9 |  9.1
Evocations     | 1 2 3 |  3.0
Maces & Flails | 4 5 |  5.9
Dodging        | 2 4 5 6 |  6.0
Translocations | 2 4 5 6 7 8 9 |  9.2
Invocations    | 3 5 6 9 10 12 13 | 13.0
Axes           | 3 5 8 10 11 13 14 15 | 15.8
Ranged Weapons | 3 |  3.2
Shields        | 3 5 7 9 11 12 | 12.4
Ice Magic      | 3 5 |  5.0
Earth Magic    | 2 4 5 |  5.0

Action                   |  1- 3 |  4- 6 |  7- 9 | 10-12 | 13-15 | 16-18 | 19-21 || total
-------------------------+-------+-------+-------+-------+-------+-------+-------++-------
Melee: Mace              |    78 |       |    16 |   206 |    38 |       |       ||   338
       Kick              |    11 |    18 |    81 |   122 |   349 |   149 |       ||   730
       Headbutt          |     2 |    10 |    37 |    62 |   207 |   101 |       ||   419
       Whip              |    18 |   153 |   266 |       |       |       |       ||   437
       Punch             |       |     2 |     4 |     9 |     4 |       |       ||    19
       Hand axe          |       |       |       |   381 |  1376 |       |       ||  1757
       Battleaxe         |       |       |       |    47 |    31 |       |       ||    78
       Broad axe         |       |       |       |       |    45 |  1075 |   153 ||  1273
       Flail             |       |       |       |       |       |    74 |    10 ||    84
 Fire: Arbalest          |       |       |     2 |       |       |       |       ||     2
       Shortbow          |       |       |       |     4 |       |       |       ||     4
Throw: Stone             |     9 |       |       |       |       |       |       ||     9
       Dart              |       |    21 |    27 |    34 |    30 |       |       ||   112
       Throwing net      |       |       |       |     1 |     2 |       |       ||     3
 Cast: Beastly Appendage |    12 |    19 |    48 |    88 |   139 |    49 |       ||   355
       Shock             |       |       |    55 |   143 |   276 |    74 |     3 ||   551
       Vhi's Electric Ch |       |       |       |       |    92 |   167 |    21 ||   280
       Swiftness         |       |       |       |       |     1 |     2 |       ||     3
       Airstrike         |       |       |       |       |       |     5 |     4 ||     9
       Frozen Ramparts   |       |       |       |       |       |     1 |       ||     1
Invok: Wall of Briars    |       |       |       |     1 |       |       |       ||     1
       Grow Ballistomyce |       |       |       |       |     2 |       |       ||     2
       Grow Oklob        |       |       |       |       |       |     1 |       ||     1
Evoke: Wand              |       |     2 |     7 |     7 |    19 |     3 |       ||    38
       Phantom mirror    |       |       |       |       |     1 |     1 |       ||     2
  Use: Scroll            |     1 |     4 |     8 |    13 |    25 |    16 |     4 ||    71
       Potion            |       |       |     4 |     1 |    16 |     7 |     4 ||    32
 Stab: Invisible         |       |       |       |     1 |       |       |       ||     1
       Petrified         |       |       |       |       |     8 |       |       ||     8
       Confused          |       |       |       |       |     2 |       |       ||     2
       Distracted        |       |       |       |       |       |     2 |       ||     2
Armor: Leather armour    |    29 |    39 |    83 |   147 |       |       |       ||   298
       Ring mail         |       |     8 |    29 |       |       |       |       ||    37
       Scale mail        |       |       |       |   355 |  1043 |   602 |    86 ||  2086
       Skin              |       |       |       |       |       |     6 |       ||     6
Dodge: Dodged            |    58 |    93 |   140 |   442 |   807 |   439 |    82 ||  2061
Block: Buckler           |       |       |       |       |   408 |   411 |    78 ||   897

Table legend: (Time is in decaauts)
 A = Elapsed time spent in this place.
 B = Non-inter-level travel time spent in this place.
 C = Inter-level travel time spent in this place.
 D = Time resting spent in this place.
 E = Time spent auto-exploring this place.
 F = Levels seen in this place.
 G = Mean time per level.
                   A        B        C        D        E       F      G
               +--------+--------+--------+--------+--------+-----+--------+
         Total |  55356 |  51653 |   3703 |  14221 |  26157 |  32 | 1729.9 |
       Dungeon |  25049 |  22570 |   2479 |   4653 |  13143 |  15 | 1669.9 |
        Temple |    506 |    481 |     25 |      0 |    463 |   1 |  506.0 |
          Lair |  10286 |   9852 |    434 |   2388 |   5346 |   5 | 2057.2 |
     Snake Pit |   9263 |   8643 |    620 |   3649 |   2922 |   4 | 2315.8 |
  Orcish Mines |   2493 |   2436 |     57 |    176 |   1634 |   2 | 1246.5 |
        Vaults |   4460 |   4374 |     86 |   1862 |   1848 |   2 | 2230.0 |
       Ossuary |   1236 |   1236 |      0 |    590 |    325 |   1 | 1236.0 |
        Bailey |    568 |    568 |      0 |    164 |     58 |   1 |  568.0 |
      Ice Cave |   1491 |   1491 |      0 |    738 |    416 |   1 | 1491.0 |
               +--------+--------+--------+--------+--------+-----+--------+

Top non-repeatable levels by time:
 Snake:4: 3327 daAuts
Vaults:1: 3176 daAuts
    D:12: 2730 daAuts
 Snake:3: 2718 daAuts
  Lair:2: 2715 daAuts
  Lair:3: 2676 daAuts
     D:6: 2396 daAuts
    D:13: 2323 daAuts
  Lair:5: 2174 daAuts
     D:8: 2034 daAuts
    D:14: 2000 daAuts
    D:11: 1919 daAuts
 Snake:1: 1892 daAuts
     D:7: 1799 daAuts
     D:9: 1790 daAuts
